 Dungeon Crawl Stone Soup version 0.30-a0-341-g682706514a (webtiles) character file.

Game seed: 13563319368732043324

331 kae the Firebug (level 6, 0/32 HPs)
             Began as a Tengu Fire Elementalist on Nov 4, 2022.
             Slain by a black bear (6 damage)
             ... on level 4 of the Dungeon.
             The game lasted 00:05:36 (4798 turns).

kae the Firebug (Tengu Fire Elementalist)           Turns: 4798, Time: 00:05:37

Health: 0/32       AC:  2    Str: 14    XL:     6   Next: 51%
Magic:  4/11       EV: 14    Int: 14    God:
Gold:   159        SH:  0    Dex: 15    Spells: 2/11 levels left

rFire   . . .      SeeInvis .    (no weapon)
rCold   + + .      Faith    .    (no shield)
rNeg    . . .      Spirit   .    a - +0 robe
rPois   +          Reflect  .    (helmet restricted)
rElec   .          Harm     .    (no cloak)
rCorr   +          Rampage  .    (no gloves)
Will    +....                    (boots unavailable)
Stlth   ++........               (no amulet)
HPRegen 0.25/turn                g - ring of the Burgomaster {rPois rC++ Will+ rCorr Str+6 Int-3}
MPRegen 0.12/turn                R - ring of resist corrosion

@: flying quickly and evasively, quick
A: beak, talons 3, nimble flight
a: no special abilities


You were on level 4 of the Dungeon.
You visited 1 branch of the dungeon, and saw 4 of its levels.
You also visited: Sewer.

You collected 159 gold pieces.


Innate Abilities, Weirdness & Mutations

You have a beak for a mouth.
You have claws for feet.
Your magical nature lets you fly swiftly and evasively.


   Skills:
 - Level 2.1 Dodging
 - Level 2.0 Stealth
 + Level 3.0 Spellcasting
 * Level 5.1 Conjurations
 + Level 1.4 Hexes
 * Level 5.2 Fire Magic


You had 2 spell levels left.
You knew the following spells:

 Your Spells              Type           Power      Damage    Failure   Level
a - Foxfire               Conj/Fire      64%        2x1d7     2%          1
b - Scorch                Fire           32%        2d6       3%          2
c - Inner Flame           Hex/Fire       11%        N/A       16%         3
d - Kindle Blastsparks    Fire/Tloc/Air  14%        2d11      30%         3

Your spell library contained the following spells:

 Spells                   Type           Power      Damage    Failure   Level
 Flame Wave               Conj/Fire      16%        2d7       26%         4

Inventory:

Missiles
 c - 57 stones
 h - 19 poisoned darts
 t - 6 javelins
Armour
 a - a +0 robe (worn)
Jewellery
 g - the ring of the Burgomaster (left hand) {rPois rC++ Will+ rCorr Str+6 Int-3}
   (You acquired it on level 1 of the Dungeon)

   [ring of strength]

   Str:       It affects your strength (+6).
   Int:       It affects your intelligence (-3).
   rC:        It greatly protects you from cold.
   rPois:     It protects you from poison.
   rCorr:     It protects you from acid and corrosion.
   Will:      It increases your willpower.
 D - a +6 ring of dexterity
   (You found it on level 4 of the Dungeon)
 R - a ring of resist corrosion (right hand)
   (You found it on level 3 of the Dungeon)
Wands
 o - a wand of flame (18)
   (You took it off Jessica on level 3 of the Dungeon)
Scrolls
 l - a scroll of immolation {!r!r}
 n - a scroll of fear
 p - a scroll of poison
 s - 3 scrolls of identify {@r1}
Potions
 b - a potion of magic
 d - 2 potions of brilliance {unknown}
 e - 3 potions of heal wounds {@q2}
 f - a potion of berserk rage {unknown}
 i - 2 potions of attraction {unknown}
 j - 2 potions of might
 k - a potion of curing {@q1}
 m - a potion of degeneration {unknown}
 q - 3 potions of haste {@q3}
 r - 2 potions of mutation {unknown}

Dungeon Overview and Level Annotations

Branches:
Dungeon (4/15) Zot: 20346   Sewer (visited)
 Temple: D:4-7

Altars:
Nemelex Xobeh
Okawaru

Shops:
D:2 =

Annotations:
D:3 1 runed translucent door, baljet's ghost, amateur MiFi

#.....# #.....#
#.....# #.....#
#.....# #.....#
#.....# #.....#
#@....#
......h........
......####.....
....## .....
... .##.. .# #.


You could see a black bear (berserk, combustible).


Message History

The foxfire hits something. x2 😎 MP[-1]
You lost 1 mp, and now have 5/11 mp.
Casting: Foxfire (safe; 2% risk of failure)
Confirm with . or Enter, or press ? or * to list all spells.
You conjure some foxfire!
You hear some strange, mumbled words.
A puff of flame appears from out of thin air!
Deactivating autopickup; reactivate with Ctrl-A.
The puff of flame hits you!
The foxfire hits the orc. x2; Something hits you. 😮 HP[-9] MP[-1]
You take 9 damage, and now have 23/32 hp.
MASSIVE DAMAGE!! (PAUSE)
You lost 1 mp, and now have 4/11 mp.
Casting: Foxfire (safe; 2% risk of failure)
Confirm with . or Enter, or press ? or * to list all spells.
You conjure some foxfire!
Something hits you. The orc misses you.
The foxfire hits the orc.
You kill the orc!
The foxfire hits something but does no damage.
Something hits you. 😮 HP[-4]
You take 4 damage, and now have 19/32 hp.
Casting: Foxfire (safe; 2% risk of failure)
Confirm with . or Enter, or press ? or * to list all spells.
You conjure some foxfire!
Something hits you.
The foxfire hits something.
Reactivating autopickup.
You feel a bit more experienced. 😮 HP[-2] MP[-1]
You take 2 damage, and now have 17/32 hp.
You lost 1 mp, and now have 3/11 mp.
Casting: Foxfire (safe; 2% risk of failure)
Confirm with . or Enter, or press ? or * to list all spells.
You conjure some foxfire! 😮 MP[-1]
You lost 1 mp, and now have 2/11 mp.
Casting: Foxfire (safe; 2% risk of failure)
Confirm with . or Enter, or press ? or * to list all spells.
You conjure some foxfire! 😮 HP[+1] MP[-1]
You lost 1 mp, and now have 1/11 mp.
Items here: )) [ †. 😎 HP[+14] MP[+8]
Your hp is fully restored (32).
You regained 8 mp, and now have 9/11 mp.
Unknown command.
Things that are here:
a +0 trident; a +0 scale mail; an orc corpse A black bear comes into view.
You see here a scroll of identify {@r1}. 😎 MP[+2]
Your mp is fully restored (11).
A black bear is nearby!
A black bear is nearby!
A black bear is nearby!
A black bear is nearby!
Casting: Foxfire (safe; 2% risk of failure)
Confirm with . or Enter, or press ? or * to list all spells.
You conjure some foxfire!
The black bear growls angrily.
The foxfire hits the black bear.
The foxfire hits the black bear but does no damage. 😎 MP[-1]
You lost 1 mp, and now have 10/11 mp.
Casting: Foxfire (safe; 2% risk of failure)
Confirm with . or Enter, or press ? or * to list all spells.
Flames lash the black bear.
The black bear's fire resistance burns away.
The black bear closely misses you. The black bear barely misses you.
The black bear claws you. 😕 HP[-1] MP[-2]
You take 1 damage, and now have 31/32 hp.
You lost 2 mp, and now have 8/11 mp.
Casting: Scorch (safe; 3% risk of failure)
Confirm with . or Enter, or press ? or * to list all spells.
Flames lash the black bear.
The black bear is burned terribly!
The black bear goes berserk!
The black bear bites you but does no damage.
The black bear misses you. The black bear claws you.
The black bear barely misses you.
The black bear claws you. x2 😕 HP[-5] MP[-2]
You take 5 damage, and now have 26/32 hp.
You lost 2 mp, and now have 6/11 mp.
A black bear is nearby!
Casting: Scorch (safe; 3% risk of failure)
Confirm with . or Enter, or press ? or * to list all spells.
Flames lash the black bear.
The black bear bites you!
* * * LOW HITPOINT WARNING * * *
The black bear claws you.
* * * LOW HITPOINT WARNING * * *
The black bear misses you. The black bear closely misses you.
The black bear claws you.
* * * LOW HITPOINT WARNING * * *
The black bear claws you but does no damage.
The black bear closely misses you. The black bear claws you.
* * * LOW HITPOINT WARNING * * *
The black bear claws you.
You die...

Skill      XL: |  1  2  3  4  5  6 |
---------------+-------------------+-----
Conjurations   | 2 3 4 5 |  5.1
Fire Magic     | 4 5 |  5.2
Hexes          | 1 |  1.4
Spellcasting   | 3 |  3.0
Dodging        | |  2.1
Stealth        | |  2.0

Action                   |  1- 3 |  4- 6 || total
-------------------------+-------+-------++-------
Melee: Unarmed           |     6 |     1 ||     7
       Kick              |     2 |     1 ||     3
       Peck              |     1 |       ||     1
 Cast: Foxfire           |    78 |   134 ||   212
       Scorch            |     8 |     8 ||    16
  Use: Scroll            |     6 |     7 ||    13
 Stab: Sleeping          |       |     1 ||     1
Armor: Robe              |     5 |     8 ||    13
Dodge: Dodged            |    22 |    33 ||    55

Levels and vault maps discovered:
D:1:      saegor_arrival_simple_d, layout_loops_ring, minmay_pentomino_r2
D:2:      layout_rooms, serial_shops, nicolae_shop_advertising_works
          [nicolae_subvault_shop_adworks],
          dreamdust_ecumenical_altar_angels_and_demons
D:3:      layout_basic, ebering_ghost_reflecting_pool, minmay_misc_feat_alley,
          uniq_jessica
D:4:      layout_layer_cave, nemelex_xobeh_ov_fountains_minmay,
          nicolae_overflow_crystal_walls,
          hellmonk_okawaru_the_only_friend_you_need, lemuel_temple_firewalk_b,
          gup_sewer_entry_bubbles, uniq_crazy_yiuf_cottage

Notes
Turn   | Place    | Note
-------+----------+-------------------------------------------
     0 | D:1      | kae the Tengu Fire Elementalist began the quest for the
                  | Orb.
     0 | D:1      | Reached XP level 1. HP: 10/10 MP: 4/4
     0 | D:1      | magus.rc [v1.11.3]
   169 | D:1      | Reached skill level 2 in Conjurations
   169 | D:1      | Reached XP level 2. HP: 5/15 MP: 0/6
   392 | D:1      | Reached XP level 3. HP: 16/19 MP: 1/7
   395 | D:1      | Learned a level 2 spell: Scorch
   399 | D:1      | Learned a level 3 spell: Inner Flame
  1146 | D:1      | Identified a scroll of acquirement
  1146 | D:1      | Acquired the ring of the Burgomaster {rPois rC++ Will+
                  | rCorr Str+6 Int-3}
  1185 | D:2      | Found Ohac's Jewellery Boutique.
  1376 | D:2      | Reached skill level 4 in Fire Magic
  1418 | D:2      | Reached skill level 3 in Conjurations
  1496 | D:2      | Found a faded altar of an unknown god.
  2115 | D:3      | Reached XP level 4. HP: 24/24 MP: 2/8
  2270 | D:3      | Noticed Jessica
  2276 | D:3      | Killed Jessica
  2453 | D:3      | Found a runed translucent door.
  2455 | D:3      | Noticed baljet's ghost (amateur MiFi)
  3323 | D:4      | Found a glowing drain.
  3330 | Sewer    | Entered a sewer
  3379 | Sewer    | Gained mutation: Your magical nature lets you fly swiftly
                  | and evasively. [Tengu growth]
  3379 | Sewer    | Reached XP level 5. HP: 28/28 MP: 4/9
  3422 | Sewer    | Reached skill level 4 in Conjurations
  3575 | Sewer    | Reached skill level 1 in Hexes
  3730 | Sewer    | Learned a level 3 spell: Kindle Blastsparks
  4003 | Sewer    | Reached XP level 6. HP: 15/32 MP: 2/11
  4091 | Sewer    | Reached skill level 5 in Fire Magic
  4485 | D:4      | Found an iron altar of Okawaru.
  4517 | D:4      | Found a sparkling altar of Nemelex Xobeh.
  4540 | D:4      | Identified the +7 short sword of the Nine Nightmares
                  | {distort, rC+}
  4675 | D:4      | Reached skill level 3 in Spellcasting
  4675 | D:4      | Reached skill level 5 in Conjurations
  4790 | D:4      | Noticed a black bear
  4798 | D:4      | HP: 6/32 [black bear (3)]
  4798 | D:4      | Slain by a black bear

Vanquished Creatures
  A hound (D:4)
  Jessica (D:3)
  2 orc wizards (D:4)
  A gnoll (D:1)
  3 adders (Sewer)
  8 river rats (Sewer)
  3 worms
  4 dart slugs
  2 orcs (D:4)
  11 ball pythons
  An endoplasm (D:3)
  5 giant cockroaches
  3 goblins
  A hobgoblin (D:3)
  3 jackals (D:1)
  20 kobolds
  3 quokkas
  7 bats
  4 frilled lizards
  38 rats
121 creatures vanquished.

Vanquished Creatures (others)
  379 foxfires
379 creatures vanquished.

Grand Total: 500 creatures vanquished

Table legend:
 A = Non-vault XP
 B = Vault XP
 C = Vault XP percentage of total XP
 D = Non-vault monster count
 E = Vault monster count
 F = Vault count percentage of total count
                 A         B        C        D         E       F
            +---------+---------+-------+---------+---------+-------
      Total |     213 |     260 |  55.0 |      55 |      66 |  54.5
            +---------+---------+-------+---------+---------+-------
        D:1 |      50 |       3 |   5.7 |      24 |       2 |   7.7
        D:2 |      25 |       0 |   0.0 |      15 |       0 |   0.0
        D:3 |      21 |      37 |  63.8 |       8 |       1 |  11.1
        D:4 |     117 |      20 |  14.6 |       8 |       8 |  50.0
      Sewer |       0 |     200 | 100.0 |       0 |      55 | 100.0
            +---------+---------+-------+---------+---------+-------

Illustrated notes

Table legend:
 A = Kills in this place as a percentage of kills in entire the game.
 B = Kills by you in this place as a percentage of kills by you in the entire game.
 C = Kills by friends in this place as a percentage of kills by friends in the entire game.
 D = Other kills in this place as a percentage of other kills in the entire game.
 E = Experience gained in this place as a percentage of experience gained in the entire game.
 F = Experience gained in this place divided by the number of levels of this place that you have seen.
                   A       B       C       D       E      F
               +-------+-------+-------+-------+-------+----------------------
         Total | 100.0 | 100.0 |   N/A |   N/A | 100.0 |  94.6
       Dungeon |  54.5 |  54.5 |   N/A |   N/A |  57.7 |  68.2
         Sewer |  45.5 |  45.5 |   N/A |   N/A |  42.3 | 200.0
               +-------+-------+-------+-------+-------+----------------------

Table legend: (Time is in decaauts)
 A = Elapsed time spent in this place.
 B = Non-inter-level travel time spent in this place.
 C = Inter-level travel time spent in this place.
 D = Time resting spent in this place.
 E = Time spent auto-exploring this place.
 F = Levels seen in this place.
 G = Mean time per level.
                   A        B        C        D        E       F      G
               +--------+--------+--------+--------+--------+-----+--------+
         Total |   4740 |   4687 |     53 |    205 |   3688 |   5 |  948.0 |
       Dungeon |   3652 |   3599 |     53 |    145 |   2933 |   4 |  913.0 |
         Sewer |   1087 |   1087 |      0 |     60 |    754 |   1 | 1087.0 |
               +--------+--------+--------+--------+--------+-----+--------+

Top non-repeatable levels by time:
     D:1: 1168 daAuts
   Sewer: 1087 daAuts
     D:3: 1038 daAuts
     D:2: 806 daAuts
     D:4: 639 daAuts
